 Dungeon Crawl Stone Soup version 0.31-a0-196-g86fe4a5e66 (webtiles) character file.

Game seed: 11391142918580503936

80 qw the Shooter (level 4, 0/25 HPs)
             Began as a Deep Elf Hunter on June 24, 2023.
             Succumbed to a scorpion's poison
             ... on level 3 of the Dungeon.
             The game lasted 00:00:43 (1340 turns).

qw the Shooter (Deep Elf Hunter)                    Turns: 1340, Time: 00:00:44

Health: 0/25       AC:  7    Str: 10    XL:     4   Next: 18%
Magic:  6/6        EV:  9    Int: 14    God:
Gold:   144        SH:  0    Dex: 18    Spells: 3/3 levels left

rFire   . . .        Y - +0 shortbow
rCold   . . .        (shield currently unavailable)
rNeg    . . .        e - +0 scale mail
rPois   .            a - +0 helmet
rElec   .            (no cloak)
rCorr   .            (no gloves)
SInv    .            (no boots)
Will    .....        b - amulet of regeneration
Stlth   +            (no ring)
HPRegen 1.04/turn    (no ring)
MPRegen 0.10/turn

%: no passive effects
@: lethally poisoned (0 -> -2), about to teleport
A: no striking features
a: no special abilities


You were on level 3 of the Dungeon.
You visited 1 branch of the dungeon, and saw 3 of its levels.

You collected 144 gold pieces.


   Skills:
 - Level 1.5 Fighting
 + Level 7.6 Ranged Weapons
 - Level 2.4 Dodging
 - Level 1.2 Stealth


You had 3 spell levels left.
You didn't know any spells.
Your spell library was empty.

Inventory:

Hand Weapons
 Y - a +0 shortbow (weapon)
Armour
 a - a +0 helmet (worn)
 e - a +0 scale mail (worn)
Jewellery
 b - an amulet of regeneration (around neck)
Scrolls
 d - a scroll of teleportation
Potions
 c - a potion of brilliance {unknown}
 f - 2 potions of might {unknown}
 g - a potion of mutation {unknown}
 h - a potion of curing {unknown}

Dungeon Overview and Level Annotations

Branches:
Dungeon (3/15)

Altars:


Message History

You kill the kobold!
f - 2 clear potions
Things that are here:
a +0 club; 4 stones You now have 144 gold pieces (gained 13).
Found a leather armour.
You hear the slow rusting of a very distant drain.
A scorpion comes into view.
You shoot an arrow. The arrow barely misses the scorpion.
You hear a shout!
The scorpion barely misses you.
A hobgoblin comes into view.
You shoot an arrow. The arrow hits the scorpion.
The scorpion is lightly wounded.
A bat comes into view.
The scorpion closely misses you. The scorpion stings you.
You shoot an arrow. The arrow closely misses the scorpion.
The arrow barely misses the hobgoblin.
The scorpion stings you.
You shoot an arrow.
The arrow hits the scorpion but does no damage.
The scorpion is lightly wounded.
The scorpion stings you.
You are poisoned.
The scorpion poisons you!
The scorpion stings you but does no damage.
You shoot an arrow. The arrow closely misses the scorpion.
The arrow hits the hobgoblin!
You kill the hobgoblin!
You feel very sick. The scorpion stings you.
You shoot an arrow. The arrow barely misses the scorpion.
The arrow hits the bat.
You kill the bat!
You feel very sick. The scorpion barely misses you. The scorpion stings you.
1340 ||| READING 2 scrolls of teleportation.
As you read the scroll of teleportation, it crumbles to dust.
You feel strangely unstable.
You die...

#...#
########..##
..........#
....#####.#
# #.......#
# ######..#
.# #..##%#
#..#s##
##.@..#
######


You could see a scorpion.

Vanquished Creatures
  2 adders (D:2)
  A worm (D:2)
  4 dart slugs
  5 bats
  2 endoplasms (D:1)
  4 goblins
  7 hobgoblins
  4 kobolds
  5 quokkas
  4 ball pythons
  6 frilled lizards
  5 rats
49 creatures vanquished.

Notes
Turn   | Place    | Note
-------+----------+-------------------------------------------
     0 | D:1      | qw the Deep Elf Hunter began the quest for the Orb.
     0 | D:1      | Reached XP level 1. HP: 12/12 MP: 3/3
     0 | D:1      | 0 ||| qw: Version: 0.3-a-9-g12657ce
     0 | D:1      | 0 ||| qw: Game counter: 4792
     0 | D:1      | 0 ||| qw: Always use a shield: true
     0 | D:1      | 0 ||| qw: God list: Okawaru
     0 | D:1      | 0 ||| qw: Allow faded altars: false
     0 | D:1      | 0 ||| qw: Do Orc after D:15 true
     0 | D:1      | 0 ||| qw: Do second Lair branch before Depths: true
     0 | D:1      | 0 ||| qw: Lair rune preference: random
     0 | D:1      | 0 ||| qw: Plans: Normal
     0 | D:1      | 0 ||| PLANNING D:1-11
    28 | D:1      | Found a faded altar of an unknown god.
   114 | D:1      | Reached XP level 2. HP: 12/16 MP: 4/4
   119 | D:1      | Reached skill level 6 in Ranged Weapons
   119 | D:1      | 119 ||| FLEEEEING.
   124 | D:1      | 124 ||| FLEEEEING.
   125 | D:1      | 125 ||| FLEEEEING.
   389 | D:1      | Reached XP level 3. HP: 20/20 MP: 5/5
   507 | D:1      | 507 ||| UPGRADING to +0 scale mail.
   517 | D:1      | 517 ||| DROPPING +0 leather armour.
   518 | D:1      | 518 ||| READING scroll labelled ZUTHINKY AFOSUS.
   522 | D:1      | 522 ||| READING scroll labelled REVUTTELAX.
   523 | D:1      | 523 ||| READING scroll labelled QIMECU VAEDGHES.
   524 | D:1      | 524 ||| DRINKING 2 fuming blue potions.
   525 | D:1      | 525 ||| DROPPING scroll of butterflies.
   526 | D:1      | 526 ||| DROPPING potion of attraction.
   572 | D:2      | HP: 4/20 [frilled lizard (3)]
   651 | D:2      | 651 ||| FLEEEEING.
   652 | D:2      | 652 ||| FLEEEEING.
   655 | D:2      | 655 ||| FLEEEEING.
   656 | D:2      | 656 ||| FLEEEEING.
   667 | D:2      | Reached skill level 7 in Ranged Weapons
   857 | D:2      | Identified the +0 chain mail "Zocauf" {rC+}
   951 | D:2      | 951 ||| Stepping ~*~*~tactically~*~*~ (water).
  1093 | D:2      | Reached XP level 4. HP: 25/25 MP: 6/6
  1222 | D:2      | 1222 ||| UPGRADING to +0 helmet.
  1227 | D:2      | 1227 ||| UPGRADING to amulet of regeneration.
  1232 | D:2      | 1232 ||| READING scroll labelled XEMAVYCV KISA.
  1234 | D:2      | 1234 ||| Stepping ~*~*~tactically~*~*~ (cloud).
  1283 | D:3      | 1283 ||| PLANNING SEWER
  1333 | D:3      | Noticed a scorpion
  1339 | D:3      | HP: 6/25 [poisoned by a scorpion]
  1339 | D:3      | HP: 1/25 [scorpion (5)]
  1340 | D:3      | 1340 ||| READING 2 scrolls of teleportation.
  1340 | D:3      | Succumbed to a scorpion's poison

Levels and vault maps discovered:
D:1:      nzn_arrival_crosshair, layout_rooms,
          shapermc_ecumenical_altar_flowoftime, palyth_stone_intersect,
          minmay_door_square
D:2:      layout_basic, serial_bayou_pond_e
D:3:      minmay_angry_zag, layout_rooms, grunt_temple_overflow_bloody_war,
          zin_treasury, portal_sewer_entry_e

Skill      XL: |  1  2  3 |
---------------+----------+-----
Ranged Weapons | 6 7 |  7.6
Fighting       | |  1.5
Dodging        | |  2.4
Stealth        | |  1.2

Action                     |  1- 3 |  4- 6 || total
---------------------------+-------+-------++-------
   Fire: Shortbow          |   121 |    23 ||   144
    Use: Scroll            |     3 |     2 ||     5
         Potion            |     1 |       ||     1
 Armour: Leather armour    |     9 |       ||     9
         Scale mail        |    11 |     2 ||    13
  Dodge: Dodged            |    31 |     4 ||    35

Table legend:
 A = Non-vault XP
 B = Vault XP
 C = Vault XP percentage of total XP
 D = Non-vault monster count
 E = Vault monster count
 F = Vault count percentage of total count
                 A         B        C        D         E       F
            +---------+---------+-------+---------+---------+-------
      Total |     112 |       3 |   2.6 |      47 |       2 |   4.1
            +---------+---------+-------+---------+---------+-------
        D:1 |      43 |       0 |   0.0 |      23 |       0 |   0.0
        D:2 |      68 |       0 |   0.0 |      23 |       0 |   0.0
        D:3 |       1 |       3 |  75.0 |       1 |       2 |  66.7
            +---------+---------+-------+---------+---------+-------
